 Dungeon Crawl Stone Soup version 0.27-a0-1347-gd8886f0a89 (webtiles) character file.

Game seed: 710483311412438113

39 epicjoe the Covered (level 3, -7/33 HPs)
             Began as a Minotaur Fighter on June 27, 2021.
             Killed by divine providence
             ... invoked by an orc priest
              (12 damage)
             ... on level 2 of the Dungeon.
             The game lasted 00:04:58 (930 turns).

epicjoe the Covered (Minotaur Fighter)               Turns: 930, Time: 00:05:00

Health: -7/33      AC:  9    Str: 21    XL:     3   Next: 28%
Magic:  2/2        EV:  5    Int:  5    God:
Gold:   37         SH:  9    Dex:  9    Spells: 2/2 levels left

rFire    . . .     SeeInvis .   a - +0 war axe
rCold    . . .     Faith    .   c - +0 kite shield
rNeg     . . .     Spirit   .   k - +0 chain mail
rPois    .         Reflect  .   (helmet restricted)
rElec    .         Harm     .   (no cloak)
rCorr    .         Rampage  .   (no gloves)
Will     .....                  (no boots)
Stlth    ..........             (no amulet)
HPRegen  0.11/turn              (no ring)
MPRegen  0.08/turn              (no ring)

@: no status effects
A: horns 2, retaliatory headbutt
a: no special abilities


You were on level 2 of the Dungeon.
You visited 1 branch of the dungeon, and saw 3 of its levels.

You collected 37 gold pieces.

Inventory:

Hand Weapons
 a - a +0 war axe (weapon)
Armour
 c - a +0 kite shield (worn)
 k - a +0 chain mail (worn)
Scrolls
 e - 3 scrolls of identify {unknown}
 g - a scroll of enchant armour {unknown}
 h - 2 scrolls of teleportation {unknown}
 j - a scroll of enchant weapon {unknown}
Potions
 d - a potion of might
 f - a potion of brilliance {unknown}
 i - a potion of heal wounds {unknown}


   Skills:
 + Level 3.8 Fighting
 + Level 3.1 Axes
 + Level 4.6 Armour
 + Level 3.8 Shields


You had 2 spell levels left.
You didn't know any spells.
Your spell library was empty.

Dungeon Overview and Level Annotations

Branches:
Dungeon (3/15)

Altars:


Innate Abilities, Weirdness & Mutations

You have a pair of horns on your head.
You reflexively headbutt those who attack you in melee.


Message History

You closely miss the giant cockroach.
The goblin shouts!
The giant cockroach bites you but does no damage. x2
An orc priest comes into view. It is wielding a +0 club.
The orc priest shouts!
You hit the giant cockroach.
The giant cockroach is severely wounded.
You block the giant cockroach's attack. The giant cockroach bites you.
You hit the giant cockroach but do no damage.
The giant cockroach is heavily wounded.
The orc priest invokes the aid of Beogh against you.
Beogh smites you! You block the giant cockroach's attack.
The orc priest hits you with a +0 flail.
The giant cockroach bites you but does no damage.
You block the orc priest's attack.
The orc priest looks encouraged for a moment.
The giant cockroach bites you but does no damage.
The bat completely misses you. You furiously retaliate!
You headbutt the bat.
You kill the bat!
You climb upwards.
There is a stone staircase leading down here.
You hit the orc priest.
The orc priest is lightly wounded.
Your shield and chain mail prevent you from hitting the giant cockroach.
The orc priest hits you with a +0 flail.
The giant cockroach barely misses you.
You barely miss the orc priest. You headbutt the orc priest!
The orc priest is almost dead.
You slash the giant cockroach!
You kill the giant cockroach!
The orc priest hits you with a +0 flail.
* * * LOW HITPOINT WARNING * * *
The orc priest barely misses you.
You barely miss the orc priest.
The orc priest is almost dead.
The orc priest hits you with a +0 flail.
* * * LOW HITPOINT WARNING * * *
The orc priest mumbles some strange prayers to Beogh against you.
Beogh smites you!
You die...

.. ... #. #.# #. #.# #.
#.# # #. #.#.# #. #...
#.#.# #.#.# #
...#...##.#.####.#.#.###
....#........)o.........#
..............@)........#
#..#....#.#.####[###.###
.##..#....#.#..........#
.......................##
........<................#
.###..##...##..###..#.#.##
....................#.#.#
..#..###...##..##..##.# #
..#..# #..............#


You could see an orc priest.

Vanquished Creatures
  A worm (D:2)
  3 dart slugs
  4 orcs (D:2)
  3 ball pythons (D:1)
  3 bats
  An endoplasm (D:1)
  A giant cockroach (D:2)
  2 goblins
  A hobgoblin (D:1)
  2 frilled lizards (D:1)
  A kobold (D:2)
  4 rats (D:1)
26 creatures vanquished.

Notes
Turn   | Place    | Note
-------+----------+-------------------------------------------
     0 | D:1      | epicjoe the Minotaur Fighter began the quest for the Orb.
     0 | D:1      | Reached XP level 1. HP: 19/19 MP: 0/0
   176 | D:1      | Reached skill level 4 in Armour
   182 | D:1      | Reached XP level 2. HP: 26/27 MP: 1/1
   735 | D:2      | Reached XP level 3. HP: 24/33 MP: 2/2
   930 | D:2      | Killed from afar by an orc priest

Illustrated notes

Levels and vault maps discovered:
D:1:      dpeg_arrival_refuge, layout_rooms, minmay_stone_trees_medium
D:2:      layout_basic, serial_park_tiny_pond
D:3:      layout_loops_ring, nicolae_ru_great_annihilating_truth,
          kennysheep_decorative_pillar, uniq_natasha

Skill      XL: |  1  2  3 |
---------------+----------+-----
Armour         | 4 |  4.6
Axes           | 3 |  3.1
Fighting       | |  3.8
Shields        | |  3.8

Action                   || total
-------------------------++-------
Melee: War axe           ||    61
       Headbutt          ||     8
Armor: Scale mail        ||    17
       Chain mail        ||    16
Dodge: Dodged            ||    17
Block: Kite shield       ||    37

Table legend: (Time is in decaauts)
 A = Elapsed time spent in this place.
 B = Non-inter-level travel time spent in this place.
 C = Inter-level travel time spent in this place.
 D = Time resting spent in this place.
 E = Time spent auto-exploring this place.
 F = Levels seen in this place.
 G = Mean time per level.
                   A        B        C        D        E       F      G
               +--------+--------+--------+--------+--------+-----+--------+
         Total |    969 |    693 |    276 |    242 |     47 |   3 |  323.0 |
       Dungeon |    969 |    693 |    276 |    242 |     47 |   3 |  323.0 |
               +--------+--------+--------+--------+--------+-----+--------+

Top non-repeatable levels by time:
     D:1: 620 daAuts
     D:2: 335 daAuts
     D:3: 14 daAuts
